 Dungeon Crawl Stone Soup version 0.21.1-1-g345015fe64 (webtiles) character file.

2676 KleinerIrrer the Cleaver (level 9, -6/75 HPs)
             Began as a Formicid Fighter on Apr 4, 2018.
             Mangled by a white ugly thing (26 damage)
             ... on level 7 of the Dungeon.
             The game lasted 00:03:57 (9512 turns).

KleinerIrrer the Cleaver (Formicid Fighter)         Turns: 9512, Time: 00:03:57

Health: -6/75      AC: 15    Str: 29    XL:     9   Next: 95%
Magic:  9/9        EV:  9    Int:  8    God:
Gold:   61         SH: 12    Dex: 10    Spells: 8/8 levels left

rFire    . . .     SeeInvis +   Y - +0 war axe
rCold    . . .     Gourm    .   c - +0 shield
rNeg     . . .     Faith    .   n - +3 chain mail
rPois    .         Spirit   .   (helmet unavailable)
rElec    .         Reflect  .   (no cloak)
rCorr    .         Harm     .   l - +2 pair of gloves
MR       ++...                  (no boots)
Stlth    ..........             (no amulet)
HPRegen  0.22/turn              p - ring of protection from magic
MPRegen  0.11/turn              (no ring)

@: mighty
A: permanent stasis, dig shafts and tunnels, four strong arms, antennae 3, thin
skeletal structure 1, clumsy 1, magic resistance 1, robust 1
a: Dig, Shaft Self


You were on level 7 of the Dungeon.
You were not hungry.

You visited 2 branches of the dungeon, and saw 8 of its levels.

You collected 394 gold pieces.
You spent 333 gold pieces at shops.


Innate Abilities, Weirdness & Mutations

You cannot be hasted, slowed, berserked, paralysed or teleported.
You can dig through walls and to a lower floor.
Your four strong arms can wield two-handed weapons with a shield.
You have a pair of large antennae on your head. (SInv)
You have a somewhat thin skeletal structure. (Dex +2, Stealth)
You are clumsy. (Dex -2)
You are resistant to hostile enchantments. (MR+)
You are robust. (+10% HP)


   Skills:
 + Level 6.0 Fighting
 - Level 10.0 Axes
 - Level 4.0 Armour
 - Level 2.3 Dodging
 - Level 8.0 Shields


You had 8 spell levels left.
You didn't know any spells.

Inventory:

Hand Weapons
 a - a +0 morningstar
 Y - a +0 war axe (weapon)
Armour
 c - a +0 shield (worn)
 l - a +2 pair of gloves (worn)
 m - a +1 pair of boots
 n - a +3 chain mail (worn)
Jewellery
 g - an uncursed ring of fire
 o - an uncursed amulet of guardian spirit {unknown}
 p - a ring of protection from magic (left hand)
Wands
 b - a wand of digging (18)
Scrolls
 h - 4 scrolls of remove curse
 i - 2 scrolls of identify
Potions
 d - a potion of might
 f - a potion of mutation
 k - a potion of curing
 r - a potion of cancellation {unknown}
 s - a potion of haste {unknown}
Comestibles
 e - 8 rations

Dungeon Overview and Level Annotations

Branches:
Dungeon (7/15)             Temple (1/1) D:5

Altars:
Ashenzari
Dithmenos
Elyvilon
Fedhas
Gozag
Hepliaklqana
Makhleb
Nemelex Xobeh
Qazlal
Ru
Sif Muna
Uskayaw
Vehumet
Wu Jian
Xom
Yredelemnul
Lugonu

Shops:
D:7 *(

Annotations:
D:2 1 runed door
D:7 1 transporter


Message History

You hit the white ugly thing. You slash the small abomination!
You destroy the small abomination!
You hit the white ugly thing.
The white ugly thing closely misses you. x2
You slash the brown ugly thing!
The brown ugly thing is heavily wounded.
You slash the white ugly thing! You slash the small abomination!
You destroy the small abomination!
Your Dodging skill increases to level 2!
You barely miss the white ugly thing.
You block the white ugly thing's attack.
The white ugly thing tentacle-slaps you!
The white ugly thing freezes you!
The brown ugly thing gores you but does no damage.
You feel much better.
The white ugly thing engulfs you but does no damage.
You block the brown ugly thing's attack.
The white ugly thing tentacle-slaps you!
The white ugly thing freezes you!!
You die...

...## #....... ##..#[..#...#.#
....### #.|:}.# #...'#######'.#
...#..# #.%_?.# #......#.#....#
...######.$$$.## #..##.##.####.#
...# #.......#####.##.##.####)#
...# #...###....###............#
...# #. ####..u.##.##..........
...# ####.uux##.##.##.####.# ...#
#.###u@###.##.##....... ...#
##^########.##.##..###.#
...#######...######..##.##..###.#
.......#.........##...#..........
...###.#.#######............###.#
............................# #.#
............#.###.##..#.###.# #.#
....##...#..#.###.##..#.###.###.#
................................#


You could see 4 ugly things and a small abomination.

Vanquished Creatures
  Grinder (D:5)
  A hippogriff (D:7)
  Duvessa (D:5)
  2 black bears
  The ghost of Name63 the Carver, an amateur GnWn of Cheibriados (D:4)
  A phantom (D:6)
  An ogre (D:6)
  3 centaurs
  2 bullfrogs (D:6)
  Dowan (D:5)
  3 small abominations (D:7)
  3 scorpions
  2 howler monkeys
  2 electric eels (D:7)
  2 crimson imps
  A bullfrog zombie (D:5)
  2 hounds
  A jelly (D:5)
  3 orc wizards
  A bullfrog skeleton (D:6)
  An iguana (D:5)
  5 worker ants
  2 worker ant zombies (D:5)
  11 gnolls
  2 howler monkey skeletons
  13 adders
  2 oozes
  An adder skeleton (D:7)
  3 worms
  3 leopard geckos
  22 orcs
  8 giant cockroaches
  11 goblins
  12 hobgoblins
  6 jackals
  3 quokkas
  3 ball pythons
  5 bats
  5 frilled lizards
  14 kobolds
  2 leopard gecko skeletons
  12 rats
180 creatures vanquished.

Notes
Turn   | Place    | Note
-------+----------+-------------------------------------------
     0 | D:1      | KleinerIrrer the Formicid Fighter began the quest for the Orb.
     0 | D:1      | Reached XP level 1. HP: 18/18 MP: 1/1
     0 | D:1      | 0 ||| counter = 39
    59 | D:1      | Found a sparkling altar of Nemelex Xobeh.
   156 | D:1      | Reached XP level 2. HP: 22/24 MP: 2/2
   223 | D:1      | Reached skill level 3 in Axes
   333 | D:1      | Reached XP level 3. HP: 24/29 MP: 3/3
   499 | D:1      | 499 ||| DROPPING mace.
   934 | D:1      | 934 ||| UPGRADING to runed leather armour.
   944 | D:1      | 944 ||| UPGRADING to +0 scale mail.
   954 | D:1      | 954 ||| READING scroll labeled UMAOST HUUSOI.
   955 | D:1      | 955 ||| READING 2 scrolls labeled HOKUOHONAEQ.
   956 | D:1      | 956 ||| UPGRADING to whip of draining.
   957 | D:1      | 957 ||| SWAPPING to +0 war axe.
   958 | D:1      | 958 ||| READING scroll labeled YSYNKU KEM.
   959 | D:1      | 959 ||| READING scroll labeled MOLOCA VEDIFAR.
   960 | D:1      | 960 ||| READING scroll labeled YCLADA MOPA.
   961 | D:1      | 961 ||| DRINKING 2 golden potions.
   991 | D:1      | 991 ||| DROPPING potion of lignification.
  1029 | D:2      | 1029 ||| STAIRDANCE
  1088 | D:2      | Reached skill level 4 in Axes
  1088 | D:2      | Reached XP level 4. HP: 35/35 MP: 4/4
  1394 | D:2      | Found a blossoming altar of Fedhas.
  1521 | D:2      | Found a runed door.
  1631 | D:2      | 1631 ||| STAIRDANCE
  1662 | D:1      | 1662 ||| UPGRADING to tourmaline ring.
  1663 | D:1      | 1663 ||| READING 2 scrolls of identify.
  1663 | D:1      | 1663 ||| IDENTIFYING metallic yellow potion
  1664 | D:1      | 1664 ||| DROPPING potion of flight.
  1672 | D:2      | 1672 ||| STAIRDANCE
  1939 | D:2      | Reached XP level 5. HP: 31/41 MP: 5/5
  2307 | D:2      | 2307 ||| DRINKING 2 murky green potions.
  2307 | D:2      | Gained mutation: You are resistant to hostile enchantments. (MR+) [potion of mutation]
  2307 | D:2      | Gained mutation: You are clumsy. (Dex -2) [potion of mutation]
  2307 | D:2      | Gained mutation: You have a somewhat thin skeletal structure. (Dex +2, Stealth) [potion of mutation]
  2307 | D:2      | Gained mutation: You are robust. (+10% HP) [potion of mutation]
  2330 | D:2      | 2330 ||| READING 3 scrolls of identify.
  2330 | D:2      | 2330 ||| IDENTIFYING coppery potion
  2331 | D:2      | 2331 ||| READING 2 scrolls of identify.
  2331 | D:2      | 2331 ||| IDENTIFYING puce potion
  2332 | D:2      | 2332 ||| DROPPING potion of agility.
  2333 | D:2      | 2333 ||| DROPPING potion of ambrosia.
  2600 | D:3      | Reached skill level 5 in Axes
  2627 | D:3      | 2627 ||| UPGRADING to flail.
  2628 | D:3      | 2628 ||| SWAPPING to +0 war axe.
  2629 | D:3      | 2629 ||| DROPPING +2 whip of draining.
  2737 | D:3      | 2737 ||| STAIRDANCE
  2799 | D:2      | 2799 ||| READING scroll labeled ENILELACOM.
  2800 | D:2      | 2800 ||| DRINKING 2 brown potions.
  2878 | D:3      | Reached skill level 1 in Dodging
  2885 | D:3      | 2885 ||| STAIRDANCE
  3086 | D:2      | 3086 ||| EATING 2 rations.
  3259 | D:3      | 3259 ||| STAIRDANCE
  3475 | D:3      | 3475 ||| UPGRADING to morningstar.
  3476 | D:3      | 3476 ||| SWAPPING to +0 war axe.
  3477 | D:3      | 3477 ||| DROPPING +0 flail.
  3516 | D:3      | Found a burning altar of Makhleb.
  3616 | D:3      | 3616 ||| Stepping ~*~*~tactically~*~*~ (water).
  3876 | D:3      | Reached XP level 6. HP: 37/51 MP: 6/6
  4310 | D:3      | 4310 ||| UPGRADING to pair of glowing gloves.
  4315 | D:3      | 4315 ||| UPGRADING to chain mail.
  4325 | D:3      | 4325 ||| DROPPING +0 scale mail.
  4326 | D:3      | 4326 ||| DROPPING +2 leather armour of fire resistance.
  4327 | D:3      | 4327 ||| UPGRADING to notched peridot ring.
  4328 | D:3      | 4328 ||| READING 2 scrolls of remove curse.
  4329 | D:3      | 4329 ||| REMOVING ring of teleportation.
  4330 | D:3      | 4330 ||| DROPPING ring of teleportation.
  4331 | D:3      | 4331 ||| READING 2 scrolls of identify.
  4331 | D:3      | 4331 ||| IDENTIFYING fuming red potion
  4332 | D:3      | 4332 ||| DROPPING potion of brilliance.
  4351 | D:4      | Noticed Name63's ghost (amateur GnWn)
  4364 | D:4      | Killed Name63's ghost
  4364 | D:4      | Reached skill level 6 in Axes
  4365 | D:4      | HP: 11/51 [orc/mace (3)]
  4371 | D:4      | HP: 9/51 [poisoned by an adder]
  4378 | D:4      | HP: 8/51 [poisoned by an adder]
  4386 | D:4      | HP: 8/51 [poisoned by an adder]
  4652 | D:4      | 4652 ||| EATING 2 rations.
  4828 | D:4      | Reached XP level 7. HP: 55/59 MP: 7/7
  5432 | D:4      | 5432 ||| UPGRADING to glowing chain mail.
  5442 | D:4      | 5442 ||| DROPPING +0 chain mail.
  5443 | D:4      | 5443 ||| DRINKING 2 viscous inky potions.
  5444 | D:4      | 5444 ||| READING 2 scrolls of identify.
  5444 | D:4      | 5444 ||| IDENTIFYING smoky golden potion
  5445 | D:4      | 5445 ||| DROPPING potion of degeneration.
  5457 | D:5      | Entered Level 5 of the Dungeon
  5514 | D:5      | Noticed Grinder
  5530 | D:5      | Killed Grinder
  5530 | D:5      | Reached skill level 7 in Axes
  5632 | D:5      | Found a staircase to the Ecumenical Temple.
  5650 | Temple   | Entered the Ecumenical Temple
  5651 | Temple   | 5651 ||| Entered T.
  5823 | D:5      | Reached XP level 8. HP: 66/66 MP: 8/8
  5826 | D:5      | Noticed Duvessa
  5833 | D:5      | Noticed Dowan
  5861 | D:5      | Killed Duvessa
  5861 | D:5      | Reached skill level 8 in Axes
  5865 | D:5      | Killed Dowan
  6126 | D:5      | Found a basalt altar of Yredelemnul.
  6241 | D:5      | Reached skill level 6 in Shields
  6484 | D:5      | 6484 ||| READING scroll labeled ZAYSOKOMEA.
  6485 | D:5      | 6485 ||| READING scroll labeled IMPORIHEAVU.
  6602 | D:6      | Reached skill level 9 in Axes
  6602 | D:6      | Reached XP level 9. HP: 61/74 MP: 9/9
  6616 | D:6      | 6616 ||| STAIRDANCE
  6664 | D:5      | 6664 ||| DROPPING wand of iceblast (8).
  6764 | D:6      | 6764 ||| STAIRDANCE
  6976 | D:6      | Reached skill level 6 in Fighting
  7452 | D:6      | 7452 ||| UPGRADING to jade ring.
  7453 | D:6      | 7453 ||| REMOVING ring of fire.
  7522 | D:7      | Noticed a hippogriff
  7548 | D:7      | Killed a hippogriff
  7642 | D:7      | Found a transporter.
  7646 | D:7      | Found a corrupted altar of Lugonu.
  7669 | D:7      | Found a sacrificial altar of Ru.
  7698 | D:7      | Reached skill level 10 in Axes
  7847 | D:7      | 7847 ||| STAIRDANCE
  7976 | D:7      | Found Quuhuega's Weapon Shop.
  7988 | D:7      | 7988 ||| STAIRDANCE
  8135 | D:7      | 8135 ||| STAIRDANCE
  8259 | D:7      | 8259 ||| STAIRDANCE
  8408 | D:7      | 8408 ||| STAIRDANCE
  8486 | D:6      | 8486 ||| EATING 6 rations.
  8495 | D:7      | 8495 ||| STAIRDANCE
  8541 | D:7      | 8541 ||| STAIRDANCE
  8903 | D:7      | 8903 ||| Stepping ~*~*~tactically~*~*~ (water).
  9049 | D:7      | Found Cufeatat's Assorted Antiques.
  9063 | D:7      | Bought a scroll of identify for 46 gold pieces
  9063 | D:7      | Bought a pair of embroidered boots for 172 gold pieces
  9063 | D:7      | Bought a dented emerald amulet for 115 gold pieces
  9063 | D:7      | 9063 ||| SHOPLISTING potion of mutation (184 gold, have 47).
  9491 | D:7      | Noticed a white ugly thing
  9491 | D:7      | Noticed a white ugly thing
  9492 | D:7      | Found a transporter.
  9492 | D:7      | Noticed a cyan ugly thing
  9497 | D:7      | Noticed a cyan ugly thing
  9511 | D:7      | HP: 14/75 [white ugly thing (7)]
  9511 | D:7      | HP: 2/75 [white ugly thing (12)]
  9512 | D:7      | Mangled by a white ugly thing

Vault maps used:
D:1:      lightli_iron_boxes, st_stairs_13, nemelex_diamond_rough_becter
D:2:      marbit_many_paths, uniq_crazy_yiuf_cottage
D:3:      lemuel_doored_altar, hangedman_feature_mirror, chequers_big_river
D:5:      overflow_temple_1_default, temple_fountains, first_ration,
          kennysheep_dice, uniq_grinder, uniq_duvessa
D:6:      kennysheep_windowed_goal
D:7:      gammafunk_corrupted_shrine, nicolae_ru_great_annihilating_truth,
          serial_shops, nicolae_shop_overgrown_old_shop,
          nicolae_shop_waterfront, fountainhead
Temple:   nicolae_temple_x_marks_the_god

Skill      XL: |  1  2  3  4  5  6  7  8  9 |
---------------+----------------------------+-----
Axes           | 3 4 5 6 7 9 10 | 10.0
Dodging        | 1 2 |  2.3
Shields        | 4 6 8 |  8.0
Fighting       | 4 5 6 |  6.0
Armour         | 4 |  4.0

Action                   |  1- 3 |  4- 6 |  7- 9 || total
-------------------------+-------+-------+-------++-------
Melee: War axe           |   121 |   238 |   342 ||   701
Throw: Tomahawk          |       |    10 |    38 ||    48
 Abil: Dig               |       |       |     2 ||     2
  Use: Scroll            |     5 |     6 |     3 ||    14
       Potion            |     1 |     2 |     4 ||     7
 Stab: Invisible         |       |       |     1 ||     1
  Eat: Chunk             |     1 |     7 |    10 ||    18
       Ration            |       |     2 |     1 ||     3
Armor: Scale mail        |    40 |    64 |       ||   104
       Chain mail        |       |    26 |   149 ||   175
Dodge: Dodged            |    34 |    66 |    83 ||   183
Block: Shield            |    65 |    94 |   160 ||   319

Table legend:
 A = Spawn XP
 B = Non-spawn XP
 C = Spawn XP percentage of total XP
 D = Spawn monster count
 E = Non-spawn monster count
 F = Spawn count percentage of total count
 G = Total turns spent on level
                    A         B        C        D         E        F      G
               +---------+---------+-------+---------+---------+-------+---------
         Total |       0 |    3824 |   0.0 |       0 |     180 |   0.0 |  9512
               +---------+---------+-------+---------+---------+-------+---------
           D:1 |       0 |      64 |   0.0 |       0 |      38 |   0.0 |  1156
           D:2 |       0 |      81 |   0.0 |       0 |      27 |   0.0 |  1719
           D:3 |       0 |     175 |   0.0 |       0 |      30 |   0.0 |  1469
           D:4 |       0 |     335 |   0.0 |       0 |      14 |   0.0 |  1113
           D:5 |       0 |    1120 |   0.0 |       0 |      20 |   0.0 |  1077
           D:6 |       0 |    1120 |   0.0 |       0 |      23 |   0.0 |  1574
           D:7 |       0 |     929 |   0.0 |       0 |      28 |   0.0 |  1346
               +---------+---------+-------+---------+---------+-------+---------
